TOP OF THE 1ST |
UCLA Bruins batting - Pitching for Oklahoma State Cowboys : RHP Joe Bell
|
Pitching: RHP Joe Bell
|
|
Batting: RHB Kent Bannatyne
|
0-0: Ball 1-0: Ball 2-0: Ball 3-0: Called Strike 3-1: Base on Balls
|
Batting: RHB José Soto
|
0-0: Ball Pickoff Throw to First - Error! E1 Kent Bannatyne to second 1-0: Called Strike 1-1: Ground out 5-3 (Groundball, 56S) Kent Bannatyne to third
|
Batting: RHB José Cisneros
|
0-0: Ground out 3-1 (Groundball, 34) Kent Bannatyne scores
|
Batting: LHB Federico Medina
|
0-0: Ball 1-0: Ground out 6-3 (Groundball, 6)
|
Top of the 1st over - 1 run(s), 0 hit(s), 1 error(s), 0 left on base; UCLA 1 - Oklahoma State 0 |
BOTTOM OF THE 1ST |
Oklahoma State Cowboys batting - Pitching for UCLA Bruins : LHP Bob Palmer
|
Pitching: LHP Bob Palmer
|
|
Batting: RHB Derrek Lane
|
0-0: Called Strike 0-1: Swinging Strike 0-2: Ball 1-2: Strikes out swinging
|
Batting: RHB Brian Baker
|
0-0: SINGLE (Line Drive, 6D)
|
Batting: LHB Bill Bryan
|
0-0: Called Strike 0-1: Called Strike 0-2: Strikes out looking
|
Batting: SHB Jacob Lachance
|
0-0: Ball 1-0: Ball 2-0: Fly out, F4 (Popup, 34D)
|
Bottom of the 1st over - 0 run(s), 1 hit(s), 0 error(s), 1 left on base; UCLA 1 - Oklahoma State 0 |
TOP OF THE 2ND |
UCLA Bruins batting - Pitching for Oklahoma State Cowboys : RHP Joe Bell
|
Batting: RHB John Pineau
|
0-0: Ball 1-0: Called Strike 1-1: Ball 2-1: Ball 3-1: TRIPLE (Line Drive, 7D)
|
Batting: LHB Lonnie Romero
|
0-0: Ball 1-0: Called Strike 1-1: SINGLE (Flyball, 8LS) John Pineau scores
|
Batting: LHB Rob Phillips
|
0-0: Called Strike 0-1: Swinging Strike 0-2: Ball 1-2: Strikes out swinging
|
Batting: LHB Edward Norton
|
0-0: Swinging Strike 0-1: Ball 1-1: Called Strike 1-2: Foul Ball, location: 2F 1-2: Strikes out swinging
|
Batting: RHB Chad Walter
|
0-0: Ball 1-0: Foul Ball, location: 2F 1-1: Ground out U3 (Groundball, 34S)
|
Top of the 2nd over - 1 run(s), 2 hit(s), 0 error(s), 1 left on base; UCLA 2 - Oklahoma State 0 |
BOTTOM OF THE 2ND |
Oklahoma State Cowboys batting - Pitching for UCLA Bruins : LHP Bob Palmer
|
Batting: RHB Burt Sharp
|
0-0: Ball 1-0: Swinging Strike 1-1: Ball 2-1: Ball 3-1: Fly out, F9 (Flyball, 89M)
|
Batting: SHB Ernest Hood
|
0-0: Ball 1-0: Ball 2-0: Ball 3-0: Called Strike 3-1: Foul Ball, location: 2F 3-2: Foul Ball, location: 2F 3-2: Foul Ball, location: 2F 3-2: SINGLE (Line Drive, 89S)
|
Batting: RHB Larry Young
|
0-0: Ball 1-0: Ball Wild Pitch! Ernest Hood to second 2-0: Swinging Strike Passed Ball! Ernest Hood to third 2-1: Ball 3-1: Base on Balls
|
Batting: RHB Doug Wells
|
0-0: Grounds into double play, 6-4-3 (Groundball, 6)
|
Bottom of the 2nd over - 0 run(s), 1 hit(s), 0 error(s), 1 left on base; UCLA 2 - Oklahoma State 0 |
TOP OF THE 3RD |
UCLA Bruins batting - Pitching for Oklahoma State Cowboys : RHP Joe Bell
|
Batting: RHB Kent Bannatyne
|
0-0: Ball 1-0: Ball 2-0: Ball 3-0: Called Strike 3-1: Base on Balls
|
Batting: RHB José Soto
|
0-0: Ball 1-0: Foul Ball, location: 2F 1-1: Ball 2-1: Foul Ball, location: 2F 2-2: SINGLE (Groundball, 56S) (infield hit) Kent Bannatyne to second
|
Batting: RHB José Cisneros
|
0-0: Ball Kent Bannatyne steals 3rd base José Soto to second 1-0: Ball Passed Ball! Kent Bannatyne scores José Soto to third 2-0: Swinging Strike 2-1: Ball 3-1: Base on Balls
|
Batting: LHB Federico Medina
|
0-0: Swinging Strike 0-1: Called Strike 0-2: Strikes out swinging
|
Batting: RHB John Pineau
|
0-0: Called Strike 0-1: Ball 1-1: Swinging Strike 1-2: Strikes out swinging
|
Batting: LHB Lonnie Romero
|
0-0: Fly out, F8 (Flyball, 8LM)
|
Top of the 3rd over - 1 run(s), 1 hit(s), 0 error(s), 2 left on base; UCLA 3 - Oklahoma State 0 |
BOTTOM OF THE 3RD |
Oklahoma State Cowboys batting - Pitching for UCLA Bruins : LHP Bob Palmer
|
Batting: RHB Dennis Ingram
|
0-0: Ball 1-0: Fly out, F8 (Flyball, 8RS)
|
Batting: RHB Derrek Lane
|
0-0: Ball 1-0: Foul Ball, location: 2F 1-1: SINGLE (Line Drive, 56)
|
Batting: RHB Brian Baker
|
0-0: Called Strike 0-1: Ball 1-1: Foul Ball, location: 2F 1-2: Ball Derrek Lane is caught stealing 2nd base 2-2: Ground out 5-3 (Groundball, 56)
|
Bottom of the 3rd over - 0 run(s), 1 hit(s), 0 error(s), 0 left on base; UCLA 3 - Oklahoma State 0 |
TOP OF THE 4TH |
UCLA Bruins batting - Pitching for Oklahoma State Cowboys : RHP Joe Bell
|
Batting: LHB Rob Phillips
|
0-0: Foul Ball, location: 2F 0-1: Foul Ball, location: 2F 0-2: Strikes out swinging
|
Batting: LHB Edward Norton
|
0-0: Ball 1-0: Foul Ball, location: 2F 1-1: SINGLE (Popup, 6D)
|
Batting: RHB Chad Walter
|
0-0: Ball Edward Norton is caught stealing 2nd base 1-0: Ball 2-0: Called Strike 2-1: Fly out, F8 (Flyball, 8RM)
|
Top of the 4th over - 0 run(s), 1 hit(s), 0 error(s), 0 left on base; UCLA 3 - Oklahoma State 0 |
BOTTOM OF THE 4TH |
Oklahoma State Cowboys batting - Pitching for UCLA Bruins : LHP Bob Palmer
|
Batting: LHB Bill Bryan
|
0-0: Called Strike 0-1: Swinging Strike 0-2: Strikes out looking
|
Batting: SHB Jacob Lachance
|
0-0: Ball 1-0: Ground out 4-3 (Groundball, 4)
|
Batting: RHB Burt Sharp
|
0-0: Called Strike 0-1: Ball 1-1: Ball 2-1: Foul Ball, location: 2F 2-2: Strikes out swinging
|
Bottom of the 4th over - 0 run(s), 0 hit(s), 0 error(s), 0 left on base; UCLA 3 - Oklahoma State 0 |
TOP OF THE 5TH |
UCLA Bruins batting - Pitching for Oklahoma State Cowboys : RHP Joe Bell
|
Batting: RHB Kent Bannatyne
|
0-0: Ball 1-0: Called Strike 1-1: Called Strike 1-2: Ball 2-2: Foul Ball, location: 2F 2-2: SINGLE (Groundball, 34D)
|
Batting: RHB José Soto
|
0-0: Ball 1-0: Ball 2-0: Ball 3-0: Called Strike 3-1: Foul Ball, location: 2F 3-2: Ground out 5-3 (Groundball, 56) Kent Bannatyne to second
|
Batting: RHB José Cisneros
|
0-0: Called Strike 0-1: Foul Ball, location: 2F 0-2: Ball 1-2: Foul Ball, location: 2F 1-2: Ball 2-2: SINGLE (Groundball, 56S) (infield hit) Kent Bannatyne to third
|
Pitching: LHP John Curtis
|
|
Batting: LHB Federico Medina
|
0-0: Called Strike 0-1: Foul Ball, location: 2F 0-2: Foul Ball, location: 2F 0-2: Strikes out swinging
|
Batting: RHB John Pineau
|
0-0: Swinging Strike 0-1: Foul Ball, location: 2F 0-2: Strikes out swinging
|
Top of the 5th over - 0 run(s), 2 hit(s), 0 error(s), 2 left on base; UCLA 3 - Oklahoma State 0 |
BOTTOM OF THE 5TH |
Oklahoma State Cowboys batting - Pitching for UCLA Bruins : LHP Bob Palmer
|
Batting: SHB Ernest Hood
|
0-0: Swinging Strike 0-1: Foul Ball, location: 2F 0-2: Ground out 5-3 (Groundball, 5L)
|
Batting: RHB Larry Young
|
0-0: Called Strike 0-1: Called Strike 0-2: Ball 1-2: Foul Ball, location: 2F 1-2: Ball 2-2: Ball 3-2: Base on Balls
|
Batting: RHB Doug Wells
|
0-0: Reached on error, E3 (Groundball, 34S) Larry Young to second
|
Batting: RHB Dennis Ingram
|
0-0: Swinging Strike 0-1: Foul Ball, location: 2F 0-2: Foul Ball, location: 2F 0-2: Fly out, F4 (Popup, 34D)
|
Batting: RHB Derrek Lane
|
0-0: Called Strike 0-1: SINGLE (Line Drive, 56) Larry Young to third Doug Wells to second Runner from 3rd tries for Home, SAFE, no throw
|
Batting: RHB Brian Baker
|
0-0: Ball 1-0: Ball 2-0: Called Strike 2-1: SINGLE (Line Drive, 6MD) Doug Wells to third Derrek Lane to second
|
Batting: LHB Bill Bryan
|
0-0: Ball 1-0: Foul Ball, location: 2F 1-1: Fly out, F6 (Line Drive, 6M)
|
Bottom of the 5th over - 1 run(s), 2 hit(s), 1 error(s), 3 left on base; UCLA 3 - Oklahoma State 1 |
TOP OF THE 6TH |
UCLA Bruins batting - Pitching for Oklahoma State Cowboys : LHP John Curtis
|
Batting: LHB Lonnie Romero
|
0-0: Foul Ball, location: 2F 0-1: Ground out U3 (Groundball, 34)
|
Batting: LHB Rob Phillips
|
0-0: Foul Ball, location: 2F 0-1: SINGLE (Line Drive, 7S)
|
Batting: LHB Edward Norton
|
0-0: Called Strike 0-1: Ball 1-1: Ball 2-1: Ball 3-1: Called Strike 3-2: Strikes out swinging
|
Batting: RHB Chad Walter
|
0-0: Ball 1-0: Called Strike 1-1: Ball 2-1: 2-RUN HOME RUN (Flyball, 78XD), Distance : 370 ft
|
Pitching: LHP Barry Arroyo
|
|
Batting: RHB Kent Bannatyne
|
0-0: Ball 1-0: Ball 2-0: Ball 3-0: Called Strike 3-1: Base on Balls
|
Batting: RHB José Soto
|
0-0: Called Strike 0-1: Ball 1-1: Ball 2-1: Swinging Strike 2-2: Strikes out swinging
|
Top of the 6th over - 2 run(s), 2 hit(s), 0 error(s), 1 left on base; UCLA 5 - Oklahoma State 1 |
BOTTOM OF THE 6TH |
Oklahoma State Cowboys batting - Pitching for UCLA Bruins : LHP Bob Palmer
|
Batting: SHB Jacob Lachance
|
0-0: Ball 1-0: Foul Ball, location: 2F 1-1: Swinging Strike 1-2: Strikes out swinging
|
Batting: RHB Burt Sharp
|
0-0: Called Strike 0-1: Ball 1-1: Foul Ball, location: 2F 1-2: Ball 2-2: Ball 3-2: SINGLE (Flyball, 8RS)
|
Pitching: RHP Cory Holmes
|
|
Batting: SHB Ernest Hood
|
0-0: Called Strike 0-1: Called Strike 0-2: Ball 1-2: Strikes out swinging
|
Batting: RHB Larry Young
|
0-0: Ball 1-0: Called Strike 1-1: Swinging Strike 1-2: Strikes out looking
|
Bottom of the 6th over - 0 run(s), 1 hit(s), 0 error(s), 1 left on base; UCLA 5 - Oklahoma State 1 |
TOP OF THE 7TH |
UCLA Bruins batting - Pitching for Oklahoma State Cowboys : LHP Barry Arroyo
|
Batting: RHB José Cisneros
|
0-0: Swinging Strike 0-1: Foul Ball, location: 2F 0-2: Ball 1-2: Fly out, F3 (Popup, 34D)
|
Batting: LHB Federico Medina
|
0-0: Called Strike 0-1: Foul Ball, location: 2F 0-2: Foul Ball, location: 2F 0-2: Foul Ball, location: 2F 0-2: Ball 1-2: Foul Ball, location: 2F 1-2: Ball 2-2: Ball 3-2: Foul Ball, location: 2F 3-2: Foul Ball, location: 2F 3-2: SOLO HOME RUN (Flyball, 9LD), Distance : 326 ft
|
Batting: RHB John Pineau
|
0-0: Foul Ball, location: 2F 0-1: Ball 1-1: Foul Ball, location: 2F 1-2: Strikes out swinging
|
Batting: LHB Lonnie Romero
|
0-0: Ball 1-0: Foul Ball, location: 2F 1-1: Ball 2-1: Foul Ball, location: 2F 2-2: Ball 3-2: Base on Balls
|
Batting: LHB Rob Phillips
|
0-0: Foul Ball, location: 2F 0-1: Ball 1-1: Fly out, F9 (Line Drive, 9)
|
Top of the 7th over - 1 run(s), 1 hit(s), 0 error(s), 1 left on base; UCLA 6 - Oklahoma State 1 |
BOTTOM OF THE 7TH |
Oklahoma State Cowboys batting - Pitching for UCLA Bruins : RHP Cory Holmes
|
Batting: RHB Doug Wells
|
0-0: Ground out 5-3 (Groundball, 5)
|
Batting: RHB Dennis Ingram
|
0-0: Fly out, F9 (Flyball, 89M)
|
Batting: RHB Derrek Lane
|
0-0: SINGLE (Groundball, 56D)
|
Batting: RHB Brian Baker
|
0-0: Fielders Choice at 2nd, U4 (Groundball, 4M)
|
Bottom of the 7th over - 0 run(s), 1 hit(s), 0 error(s), 1 left on base; UCLA 6 - Oklahoma State 1 |
TOP OF THE 8TH |
UCLA Bruins batting - Pitching for Oklahoma State Cowboys : LHP Barry Arroyo
|
Batting: LHB Edward Norton
|
0-0: Ball 1-0: SOLO HOME RUN (Flyball, 9D), Distance : 368 ft
|
Batting: RHB Chad Walter
|
0-0: Ball 1-0: Foul Ball, location: 2F 1-1: Swinging Strike 1-2: Strikes out swinging
|
Pitching: RHP Ryan Park
|
|
Batting: RHB Kent Bannatyne
|
0-0: SINGLE (Line Drive, 6M)
|
Batting: RHB José Soto
|
0-0: Ball 1-0: Ball Wild Pitch! Kent Bannatyne to second 2-0: Fly out, F7 (Line Drive, 78S)
|
Batting: RHB José Cisneros
|
0-0: Ball 1-0: Ball 2-0: Called Strike 2-1: Foul Ball, location: 2F 2-2: Foul Ball, location: 2F 2-2: Fly out, F8 (Flyball, 8RM)
|
Top of the 8th over - 1 run(s), 2 hit(s), 0 error(s), 1 left on base; UCLA 7 - Oklahoma State 1 |
BOTTOM OF THE 8TH |
Oklahoma State Cowboys batting - Pitching for UCLA Bruins : RHP Cory Holmes
|
Batting: LHB Bill Bryan
|
0-0: Ball 1-0: Called Strike 1-1: Foul Ball, location: 2F 1-2: Strikes out looking
|
Batting: SHB Jacob Lachance
|
0-0: Called Strike 0-1: Ball 1-1: SINGLE (Groundball, 6MD)
|
Batting: RHB Burt Sharp
|
0-0: Ball 1-0: Foul Ball, location: 2F 1-1: Ball 2-1: Foul Ball, location: 2F 2-2: Ball 3-2: Base on Balls Jacob Lachance to second
|
Batting: SHB Ernest Hood
|
0-0: Ball 1-0: Ball 2-0: Foul Ball, location: 2F 2-1: Ball 3-1: Base on Balls Jacob Lachance to third Burt Sharp to second
|
Batting: RHB Larry Young
|
0-0: Fly out, F7 (Line Drive, 7LD) Runner from 3rd tags up, SCORES, no throw Burt Sharp to third
|
Batting: RHB Doug Wells
|
0-0: Called Strike 0-1: Ball 1-1: Ball 2-1: Ball 3-1: Swinging Strike 3-2: Base on Balls Ernest Hood to second
|
Batting: RHB Dennis Ingram
|
0-0: Ball 1-0: Ball 2-0: Called Strike 2-1: Fly out, F9 (Flyball, 89M)
|
Bottom of the 8th over - 1 run(s), 1 hit(s), 0 error(s), 3 left on base; UCLA 7 - Oklahoma State 2 |
TOP OF THE 9TH |
UCLA Bruins batting - Pitching for Oklahoma State Cowboys : RHP Ryan Park
|
Batting: LHB Federico Medina
|
0-0: Foul Ball, location: 2F 0-1: Ball 1-1: Ball 2-1: Foul Ball, location: 2F 2-2: Ball 3-2: Base on Balls
|
Batting: RHB John Pineau
|
0-0: Ball 1-0: Ball 2-0: Called Strike 2-1: Ball 3-1: Base on Balls Federico Medina to second
|
Batting: LHB Lonnie Romero
|
0-0: Ball 1-0: Grounds into double play, 4-6-3 (Groundball, 34) Federico Medina to third
|
Batting: LHB Rob Phillips
|
0-0: Ball 1-0: Swinging Strike 1-1: Called Strike 1-2: Strikes out swinging
|
Top of the 9th over - 0 run(s), 0 hit(s), 0 error(s), 1 left on base; UCLA 7 - Oklahoma State 2 |
BOTTOM OF THE 9TH |
Oklahoma State Cowboys batting - Pitching for UCLA Bruins : RHP Cory Holmes
|
Batting: RHB Derrek Lane
|
0-0: Called Strike 0-1: Ball 1-1: Foul Ball, location: 2F 1-2: Strikes out swinging
|
Batting: RHB Brian Baker
|
0-0: Ball 1-0: Called Strike 1-1: Ball 2-1: SINGLE (Line Drive, 4MD)
|
Batting: LHB Bill Bryan
|
0-0: Foul Ball, location: 2F 0-1: Ball 1-1: Fly out, F4 (Line Drive, 4)
|
Pitching: RHP Pedro Vázquez
|
|
Batting: SHB Jacob Lachance
|
0-0: Ball 1-0: Foul Ball, location: 2F 1-1: Ball 2-1: SINGLE (Line Drive, 4D) Brian Baker to second
|
Batting: RHB Burt Sharp
|
0-0: SINGLE (Line Drive, 7S) Brian Baker to third Jacob Lachance to second
|
Pitching: RHP Steve Webb
|
|
Batting: SHB Ernest Hood
|
0-0: Called Strike 0-1: Ball 1-1: Ball Wild Pitch! Brian Baker scores Jacob Lachance to third Burt Sharp to second 2-1: Foul Ball, location: 2F 2-2: Ball 3-2: Strikes out swinging
|
Bottom of the 9th over - 1 run(s), 3 hit(s), 0 error(s), 2 left on base; UCLA 7 - Oklahoma State 3 |
|